 Dungeon Crawl Stone Soup version 0.29-a0-23-ga79f92ac9c (webtiles) character file.

Game seed: 14178620422680692415

18970 Ajdolov the Geomancer (level 12, -3/86 HPs)
             Began as an Octopode Venom Mage on Jan 30, 2022.
             Was a Follower of Ashenzari.
             Slain by Snorg (5 damage)
             ... while petrified by a basilisk
             ... on level 4 of the Lair of Beasts.
             The game lasted 01:05:41 (24291 turns).

Ajdolov the Geomancer (Octopode Venom Mage)        Turns: 24291, Time: 01:05:42

Health: -3/86      AC:  1    Str:  7    XL:     12   Next: 64%
Magic:  3/24       EV:  2    Int: 22    God:    Ashenzari [*.....]
Gold:   817        SH:  0    Dex: 13    Spells: 9/28 levels left

rFire   . . .      SeeInvis +   c - +1 dagger "Shattered With Me" {speed, Comp, Alch} (curse)
rCold   . . .      Faith    .   (no shield)
rNeg    + + +      Spirit   .   (helmet restricted)
rPois   ∞          Reflect  .   (no amulet)
rElec   .          Harm     .   q - ring "Shattered Visionary" {Wiz, Self, Cun} (curse)
rCorr   .          Rampage  .   z - ring "Doubts of Ashenzari" {SInv, Bglg, Elem} (curse)
Will    .....                   (no ring)
Stlth   +++.......              (no ring)
HPRegen 0.24/turn               (no ring)
MPRegen 0.19/turn               (no ring)
                                (no ring)
                                (no ring)

@: petrified
A: almost no armour, amphibious, 8 rings, camouflage 1, gelatinous body 1,
(nimble swimmer 1), tentacles
a: Renounce Religion, Curse Item, Shatter the Chains


You were on level 4 of the Lair of Beasts.
You worshipped Ashenzari.
Ashenzari was aware of your devotion.
You visited 3 branches of the dungeon, and saw 16 of its levels.

You collected 817 gold pieces.

Inventory:

Hand Weapons
 c - the cursed +1 dagger "Shattered With Me" (weapon) {speed, Comp, Alch}
   (You took it off a goblin on level 1 of the Dungeon)

   Attacks with this weapon are significantly faster.
   It has a curse which improves the following skills: Companions: Summonings
   and Necromancy.
   Alchemy:   Poison Magic and Transmutations.
Jewellery
 f - a ring of fire
 q - the cursed ring "Shattered Visionary" (left tentacle) {Wiz, Self, Cun}
   (You found it on level 4 of the Dungeon)

   [ring of wizardry]

   It improves your spell success rate.
   It has a curse which improves the following skills: Introspection: Fighting
   and Spellcasting.
   Cunning:   Dodging and Stealth.
 z - the cursed ring "Doubts of Ashenzari" (right tentacle) {SInv, Bglg, Elem}
   (You found it on level 7 of the Dungeon)

   [ring of see invisible]

   SInv:      It lets you see invisible.
   It has a curse which improves the following skills: Beguiling: Conjurations,
   Hexes and Translocations.
   Elements:  Fire Magic, Ice Magic, Air Magic and Earth Magic.
Wands
 p - a wand of mindburst (5)
 y - a wand of polymorph (6)
 E - a wand of iceblast (5)
Scrolls
 a - 2 scrolls of amnesia
 b - 2 scrolls of fog
 e - 2 scrolls of magic mapping
 g - 5 scrolls of immolation
 i - 3 scrolls of enchant armour
 j - 2 scrolls of enchant weapon
 n - 6 scrolls of teleportation
 r - 4 scrolls of torment
 s - a scroll of silence
 t - a scroll of fear
 v - a scroll of summoning
 w - 3 scrolls of vulnerability
 x - a scroll of holy word
 B - a scroll of brand weapon
Potions
 d - a potion of degeneration
 h - 2 potions of attraction
 k - 3 potions of might
 l - 5 potions of curing
 m - 7 potions of haste
 o - 4 potions of lignification
 u - a potion of flight
 A - 2 potions of brilliance
 C - a potion of resistance
 D - a potion of experience


   Skills:
 - Level 8.5(9.4) Fighting
 - Level 6.3(7.2) Dodging
 - Level 2.6(3.4) Stealth
 + Level 7.8(8.7) Spellcasting
 * Level 7.5(8.4) Conjurations
 - Level 5.2(6.1) Translocations
 - Level 2.7(3.4) Transmutations
 - Level 4.6(5.4) Air Magic
 * Level 9.8(10.7) Earth Magic
 - Level 8.0(8.9) Poison Magic


You had 9 spell levels left.
You knew the following spells:

 Your Spells              Type           Power      Damage    Failure   Level
a - Sting                 Tmut/Pois      100%       1d8       1%          1
b - Poisonous Vapours     Pois/Air       82%        N/A       1%          2
c - Mephitic Cloud        Conj/Pois/Air  43%        N/A       1%          3
d - Olgreb's Toxic Radia  Pois           48%        N/A       1%          4
e - Iskenderun's Mystic   Conj/Tloc      41%        2d9       1%          4
f - Lee's Rapid Deconstr  Erth           27%        3d15*     1%          5

Your spell library contained the following spells:

 Spells                   Type           Power      Damage    Failure   Level
 Magic Dart               Conj           100%       1d8       1%          1
 Corpse Rot               Necr/Air       42%        N/A       1%          2
 Pain                     Necr           40%        1d6       2%          1
 Summon Small Mammal      Summ           40%        N/A       2%          1
 Iskenderun's Battlesphe  Conj           46%        2d10      2%          5
 Call Imp                 Summ           10%        N/A       4%          2
 Fulminant Prism          Conj/Hex       14%        3d9       4%          4
 Call Canine Familiar     Summ           10%        N/A       9%          3
 Summon Guardian Golem    Hex/Summ       10%        N/A       9%          3
 Fireball                 Conj/Fire      14%        3d8       13%         5
 Conjure Ball Lightning   Conj/Air       20%        3x3d6     24%         6
 Agony                    Necr           10%        N/A       56%         5
 Excruciating Wounds      Necr           5%         N/A       56%         5
 Orb of Destruction       Conj           23%        9d8       56%         7


Dungeon Overview and Level Annotations

Branches:
Dungeon (11/15)            Temple (1/1) D:5            Lair (4/6) D:9
  Swamp (0/4) Lair:2       Spider (0/4) Lair:3          Orc (0/2) D:10

Altars:
Ashenzari
Cheibriados
Dithmenos
Elyvilon
Fedhas
Gozag
Hepliaklqana
Kikubaaqudgha
Makhleb
Nemelex Xobeh
Okawaru
Qazlal
Ru
Sif Muna
Trog
Uskayaw
Vehumet
Wu Jian
Xom
Yredelemnul
Zin
The Shining One

Shops:
D:8 [

Annotations:
D:3 exclusion: scorpion
D:4 exclusion: phantom, Sigmund
D:5 exclusion: white imp
D:7 exclusion: vampire mosquito, Harold
D:8 exclusion: 4 wights
D:9 2 transporters, wakim's ghost, journeyman TeAE
D:11 exclusion: hydra
Lair:3 1 runed translucent door, Fivuh's ghost, journeyman GnCA
Lair:4 Snorg


Innate Abilities, Weirdness & Mutations

You cannot wear most types of armour.
You are amphibious.
You can wear up to eight rings at the same time.
Your skin changes colour to match your surroundings (Stealth+).
Your rubbery body absorbs attacks. (AC +1, EV +1)
((You are camouflaged when in or above water. (Stealth+)))
You have tentacles for arms and can constrict up to eight enemies at once.


Message History

Snorg is severely wounded.
You hear an angry hiss.
A basilisk comes into view.
Casting: Lee's Rapid Deconstruction (dangerous; 1% risk of failure)
Confirm with . or Enter, or press ? or * to list all spells.
You erupt in a blast of force!
The mystic blast hits Snorg!
Snorg is severely wounded.
Snorg is knocked back by the mystic blast.
The basilisk gazes at you.
You are slowing down.
Okay, then.
Okay, then.
Aiming: Mindburst
Press: ? - help, Shift-Dir - straight line, f - Snorg
Aim: Snorg (severely wounded, berserk, very poisoned, chance to affect: 29%) Snorg easily resists.
Snorg rages.
The basilisk hisses menacingly.
Snorg bites you!! Snorg barely misses you. Snorg claws you!
Your limbs are stiffening.
Okay, then.
Okay, then.
Okay, then.
As you read the scroll of fear, it crumbles to dust.
You assume a fearsome visage.
Snorg is unaffected.
The basilisk looks frightened!
Snorg bites you! Snorg barely misses you. Snorg claws you!! Snorg bites you!
Snorg claws you. Snorg misses you. Snorg bites you.
* * * LOW HITPOINT WARNING * * *
Snorg claws you. Snorg closely misses you.
You have turned to stone.
Snorg bites you. Snorg claws you!
* * * LOW HITPOINT WARNING * * *
Snorg claws you!
* * * LOW HITPOINT WARNING * * *
Snorg bites you!
* * * LOW HITPOINT WARNING * * *
Snorg claws you!!
* * * LOW HITPOINT WARNING * * *
Snorg claws you!
You die...

....... ....l##
......# P......
##.......
#........
####.#......
#.#T## .....
#.@## .... ##..#
... ###..## ..
#....### #
##......###
##.........##
##....^......##
#.............##
###............#


You could see Snorg (berserk, very poisoned) and a basilisk (fleeing).

Vanquished Creatures
  2 hydras
  2 two-headed ogres
  A manticore (D:11)
  A black mamba (Lair:2)
  A centaur zombie (D:10)
  7 cane toads
  2 rime drakes (Lair:1)
  5 komodo dragons
  3 trolls
  2 polar bears
  2 spriggans (Lair:1)
  A wraith (D:9)
  22 yaks
  A basilisk (D:8)
  8 wyverns
  2 redbacks (Lair:3)
  A steam dragon (D:10)
  Edmund (D:6)
  11 water moccasins
  5 orc warriors
  A sky beast (D:7)
  4 ogres
  4 black bears
  2 wolves
  A centaur (D:9)
  A phantom (D:6)
  A kobold brigand (D:10)
  2 scorpions
  7 bullfrogs
  A wyvern zombie (D:8)
  A water moccasin skeleton (D:6)
  6 killer bees (D:7)
  5 wights (D:8)
  3 howler monkeys (D:10)
  4 hounds
  A gnoll shaman (D:8)
  A jelly (D:8)
  10 orc priests
  2 bullfrog skeletons
  An iguana (D:7)
  9 orc wizards
  A scorpion zombie (D:5)
  3 killer bee zombies
  2 hound zombies (D:3)
  A hound skeleton (D:4)
  2 howler monkey zombies
  11 gnolls
  6 adders
  An ufetubus (D:6)
  3 worms
  A dart slug (D:4)
  43 orcs
  4 bats
  6 endoplasms
  4 giant cockroaches
  8 goblins
  4 hobgoblins
  9 jackals
  12 kobolds
  2 quokkas (D:1)
  4 ball pythons
  A ball python zombie (D:3)
  6 frilled lizards
  7 rats
288 creatures vanquished.

Vanquished Creatures (others)
  5 fungi
  85 plants
90 creatures vanquished.

Grand Total: 378 creatures vanquished

Notes
Turn   | Place    | Note
-------+----------+-------------------------------------------
     0 | D:1      | Ajdolov the Octopode Venom Mage began the quest for the
                  | Orb.
     0 | D:1      | Reached XP level 1. HP: 11/11 MP: 3/3
   607 | D:1      | Reached XP level 2. HP: 17/17 MP: 3/5
  1190 | D:1      | Reached XP level 3. HP: 21/21 MP: 6/6
  1226 | D:1      | Learned a level 2 spell: Poisonous Vapours
  1354 | D:1      | You fall into a shaft and drop 1 floor!
  1818 | D:2      | Reached skill level 1 in Air Magic
  2287 | D:2      | Reached XP level 4. HP: 20/27 MP: 0/8
  2433 | D:2      | Found a faded altar of an unknown god.
  3312 | D:3      | Noticed a scorpion
  3347 | D:3      | Found a shimmering blue altar of Sif Muna.
  3619 | D:3      | Found a basalt altar of Yredelemnul.
  3779 | D:4      | Reached XP level 5. HP: 22/31 MP: 9/9
  3915 | D:4      | Learned a level 3 spell: Mephitic Cloud
  3974 | D:4      | Noticed Sigmund
  4651 | D:4      | Noticed a phantom
  4671 | D:4      | Reached XP level 6. HP: 18/36 MP: 2/11
  5393 | D:5      | Entered Level 5 of the Dungeon
  5671 | D:5      | Reached skill level 1 in Conjurations
  5813 | D:5      | Found a staircase to the Ecumenical Temple.
  5822 | Temple   | Entered the Ecumenical Temple
  6056 | D:5      | Reached XP level 7. HP: 39/41 MP: 4/13
  7213 | D:5      | Reached XP level 8. HP: 39/46 MP: 12/15
  7495 | D:5      | Reached skill level 5 in Spellcasting
  7602 | D:5      | Found a broken altar of Ashenzari.
  7719 | D:5      | Became a worshipper of Ashenzari the Shackled
  8042 | D:6      | Identified the +0 robe "Kockar" {rElec rF- Will+}
  8078 | D:6      | Noticed Edmund
  8099 | D:6      | Killed Edmund
  8100 | D:6      | Reached skill level 5 in Conjurations
  8693 | D:6      | Reached skill level 1 in Fighting
  8732 | D:6      | Reached skill level 5 in Poison Magic
  9485 | D:7      | Reached XP level 9. HP: 57/57 MP: 11/18
  9490 | D:7      | Learned a level 4 spell: Olgreb's Toxic Radiance
  9548 | D:7      | Noticed Harold
 10654 | D:8      | Found a shimmering altar of Xom.
 10757 | D:8      | Reached skill level 5 in Fighting
 11055 | D:8      | Found a stormy altar of Qazlal.
 11070 | D:8      | Reached * piety under Ashenzari
 11910 | D:8      | Found Umanaib's Armour Boutique.
 12748 | D:9      | Noticed a two-headed ogre
 13092 | D:9      | Reached skill level 5 in Dodging
 13092 | D:9      | Reached XP level 10. HP: 66/71 MP: 10/19
 14855 | D:9      | Learned a level 4 spell: Iskenderun's Mystic Blast
 14861 | D:9      | Learned a level 5 spell: Lee's Rapid Deconstruction
 15084 | D:9      | Reached skill level 1 in Earth Magic
 15615 | D:9      | Reached skill level 2 in Earth Magic
 15866 | D:9      | Found a transporter.
 15867 | D:9      | Noticed a tengu warrior
 15881 | D:9      | Killed a two-headed ogre
 15882 | D:9      | Reached skill level 3 in Earth Magic
 15882 | D:9      | Reached XP level 11. HP: 36/80 MP: 1/21
 16165 | D:9      | Found a transporter.
 16168 | D:9      | Noticed wakim's ghost (journeyman TeAE)
 16169 | D:9      | Found a bloodstained altar of Trog.
 16170 | D:9      | Noticed a moth of wrath
 16179 | D:9      | Noticed a two-headed ogre
 16309 | D:9      | Found a staircase to the Lair.
 16436 | D:9      | Reached skill level 4 in Earth Magic
 16551 | D:9      | Found a burning altar of Makhleb.
 16606 | D:10     | Entered Level 10 of the Dungeon
 17021 | D:10     | Found a hazy altar of Hepliaklqana.
 17058 | D:10     | Found a sacrificial altar of Ru.
 17071 | D:10     | Reached skill level 5 in Earth Magic
 17253 | D:10     | Reached skill level 1 in Translocations
 17338 | D:10     | Found a staircase to the Orcish Mines.
 17845 | D:10     | Noticed a two-headed ogre
 18109 | D:10     | Killed a two-headed ogre
 18409 | D:11     | Noticed a manticore
 18423 | D:11     | Killed a manticore
 18424 | D:11     | Reached skill level 6 in Earth Magic
 18770 | D:11     | Noticed a six-headed hydra
 18826 | D:11     | Noticed a boulder beetle
 18900 | Lair:1   | Entered Level 1 of the Lair of Beasts
 19648 | Lair:1   | Reached skill level 7 in Earth Magic
 19937 | Lair:1   | Reached skill level 5 in Translocations
 20355 | Lair:1   | Reached skill level 8 in Earth Magic
 20355 | Lair:1   | Reached XP level 12. HP: 73/86 MP: 1/23
 20623 | Lair:1   | Noticed a five-headed hydra
 20652 | Lair:1   | Killed a five-headed hydra
 20749 | Lair:1   | Found a hazy altar of Hepliaklqana.
 21387 | Lair:2   | Reached skill level 9 in Earth Magic
 22272 | Lair:2   | Found a staircase to the Swamp.
 22894 | Lair:3   | Noticed an eight-headed hydra
 22897 | Lair:3   | Killed an eight-headed hydra
 23069 | Lair:3   | Found a hole to the Spider Nest.
 23650 | Lair:3   | Found a runed translucent door.
 23958 | Lair:3   | Noticed Fivuh's ghost (journeyman GnCA)
 24129 | Lair:4   | Noticed Snorg
 24291 | Lair:4   | HP: 2/86 [Snorg (9)]
 24291 | Lair:4   | Slain by Snorg

Illustrated notes

Levels and vault maps discovered:
D:1:      minmay_arrival_four_circles, layout_loops_cross, grunt_decor_junction,
          minivault_19, minmay_hexomino_f4
D:2:      layout_loops_corners, hellmonk_ecumenical_altar_inner_sanctum
D:3:      layout_loops_ring, nicolae_yredelemnul_corpse_copse,
          mainiacjoe_overflow_brackets
D:4:      layout_rooms, lemuel_another_geyser, uniq_sigmund
D:5:      layout_basic, old_standard_altar, temple_statues
D:6:      layout_gridville, uniq_edmund
D:7:      layout_rooms, eino_jars, uniq_harold
D:8:      layout_layer_cave, lemuel_crystal_altar, xom_butterflies,
          serial_shops, shop
D:9:      layout_rooms, lemuel_coloured_pillars_altar, minmay_lair_entry_grove,
          gammafunk_ghost_wrathful_warriors, enter_bailey_3, special_room
          [special_room_orc]
D:10:     layout_roguey, nicolae_hepliaklqana_hazy_memory,
          nicolae_overflow_crystal_walls
D:11:     layout_rooms
Temple:   dpeg_chambers_temple
Lair:1:   wad_woods_stonehenge, layout_cave_shapes
Lair:2:   layout_hall_layers, swamp_mist, lemuel_fruit_fields
Lair:3:   layout_small_grid, spider_nest_entry_webs,
          ebering_ghost_reflecting_pool
Lair:4:   gammafunk_boulding_lane, layout_cave_pods, grunt_megastairs_3,
          uniq_snorg

Skill      XL: |  1  2  3  4  5  6  7  8  9 10 11 12 |
---------------+-------------------------------------+-----
Poison Magic   | 4 5 7 8 |  8.0
Air Magic      | 1 2 3 4 |  4.6
Spellcasting   | 3 4 5 6 7 |  7.8
Conjurations   | 1 4 6 7 |  7.5
Fighting       | 3 6 8 |  8.5
Dodging        | 3 5 6 |  6.3
Transmutations | 2 |  2.7
Earth Magic    | 3 8 9 |  9.8
Translocations | 5 |  5.2
Stealth        | |  2.6

Action                   |  1- 3 |  4- 6 |  7- 9 | 10-12 || total
-------------------------+-------+-------+-------+-------++-------
Melee: Unarmed           |     7 |       |       |       ||     7
       Tentacles         |    12 |    22 |    68 |    54 ||   156
       Constrict         |    17 |    26 |    33 |    31 ||   107
       Whip              |    17 |       |       |       ||    17
       Dagger            |    50 |   102 |   203 |   167 ||   522
       Punch             |     1 |       |     4 |     5 ||    10
 Cast: Sting             |    15 |       |     5 |     1 ||    21
       Poisonous Vapours |    11 |    54 |   105 |   136 ||   306
       Mephitic Cloud    |       |     2 |    11 |    37 ||    50
       Olgreb's Toxic Ra |       |       |     9 |    37 ||    46
       Iskenderun's Myst |       |       |       |    71 ||    71
       Lee's Rapid Decon |       |       |       |    41 ||    41
Invok: Curse Item        |       |       |     3 |       ||     3
Evoke: Wand              |       |       |     8 |    18 ||    26
  Use: Potion            |       |       |     3 |     3 ||     6
       Scroll            |       |       |       |     1 ||     1
 Stab: Sleeping          |    12 |     4 |       |       ||    16
       Confused          |       |     1 |     2 |     5 ||     8
Armor: Skin              |     5 |     2 |     6 |     7 ||    20
Dodge: Dodged            |    37 |    38 |   115 |   151 ||   341

Table legend: (Time is in decaauts)
 A = Elapsed time spent in this place.
 B = Non-inter-level travel time spent in this place.
 C = Inter-level travel time spent in this place.
 D = Time resting spent in this place.
 E = Time spent auto-exploring this place.
 F = Levels seen in this place.
 G = Mean time per level.
                   A        B        C        D        E       F      G
               +--------+--------+--------+--------+--------+-----+--------+
         Total |  24153 |  23573 |    580 |   8709 |  11348 |  16 | 1509.6 |
       Dungeon |  18701 |  18282 |    419 |   7033 |   8497 |  11 | 1700.1 |
        Temple |    367 |    345 |     22 |    137 |    191 |   1 |  367.0 |
          Lair |   5084 |   4945 |    139 |   1539 |   2660 |   4 | 1271.0 |
               +--------+--------+--------+--------+--------+-----+--------+

Top non-repeatable levels by time:
     D:8: 4057 daAuts
     D:9: 2896 daAuts
  Lair:1: 2127 daAuts
     D:5: 1936 daAuts
     D:1: 1488 daAuts
     D:6: 1477 daAuts
     D:4: 1466 daAuts
  Lair:3: 1443 daAuts
     D:2: 1410 daAuts
    D:10: 1299 daAuts
  Lair:2: 1201 daAuts
     D:3: 1185 daAuts
     D:7: 1052 daAuts
    D:11: 432 daAuts
  Temple: 367 daAuts
